 Dungeon Crawl Stone Soup version 0.27-a0-789-g6bb3289e1e (webtiles) character file.

Game seed: 13324587373778525106

1024 robertstho the Magician (level 8, -5/55 HPs)
             Began as a Djinni Ice Elementalist on Mar 26, 2021.
             Shot with an arrow by a centaur (14 damage)
             ... on level 6 of the Dungeon.
             The game lasted 00:07:42 (7196 turns).

robertstho the Magician (Djinni Ice Elementalist)   Turns: 7196, Time: 00:07:42

Health: -5/55      AC:  5    Str:  9    XL:     8   Next: 22%
Gold:   269        EV: 13    Int: 31    God:
                   SH:  0    Dex: 14

rFire    + + .     SeeInvis .   e - +10 flail of Integrity {freeze, +Rage Will+ Int+10}
rCold    x . .     Faith    .   (no shield)
rNeg     . . .     Spirit   .   a - +0 robe
rPois    ∞         Reflect  .   (no helmet)
rElec    .         Harm     .   r - +0 cloak
rCorr    .         Rampage  .   (no gloves)
Will     ++...                  (boots unavailable)
Stlth    ++........             (no amulet)
HPRegen  0.18/turn              c - ring of wizardry
MPRegen  0.00/turn              u - ring of wizardry

@: flying
A: fire resistance 2, cold vulnerability 1, float, innate caster, hp casting,
extra vitality 1, slimy green scales 1, clever 1, strong-willed 1, strong 1
a: Evoke Berserk Rage


You were on level 6 of the Dungeon.
You visited 1 branch of the dungeon, and saw 6 of its levels.

You collected 269 gold pieces.

Inventory:

Hand Weapons
 b - a +0 dagger
 e - the +10 flail of Integrity (weapon) {freeze, +Rage Will+ Int+10}
   (You found it on level 5 of the Dungeon)

   It has been specially enchanted to freeze those struck by it, causing extra
   injury to most foes and up to half again as much damage against particularly
   susceptible opponents.
   It can also slow down cold-blooded creatures.
   It affects your intelligence (+10).
   It affects your willpower, your defense against some magical effects.
   It lets you go berserk.
 l - a +1 dagger of pain
 o - a +2 hand axe of venom
Armour
 a - a +0 robe (worn)
 r - a +0 cloak (worn)
Jewellery
 c - a ring of wizardry (right hand)
 n - a +4 ring of slaying
 u - a ring of wizardry (left hand)
 v - a ring of positive energy
Wands
 j - a wand of flame (38)
Scrolls
 d - 2 scrolls of teleportation
 f - a scroll of enchant armour {unknown}
 g - a scroll of fear {unknown}
 i - a scroll of identify
 m - 2 scrolls of amnesia {unknown}
 q - a scroll of fog
Potions
 h - a potion of heal wounds {unknown}
 k - a potion of magic {unknown}
 p - a potion of cancellation
 s - 2 potions of curing
 t - a potion of brilliance
 w - 2 potions of berserk rage {unknown}


   Skills:
 * Level 2.9 Fighting
 + Level 1.3 Short Blades
 + Level 2.3(2.4) Axes
 + Level 0.4(1.5) Maces & Flails
 * Level 2.8 Armour
 + Level 3.7 Dodging
 - Level 1.5 Stealth
 * Level 6.5 Spellcasting


You couldn't memorise any spells.
You knew the following spells:

 Your Spells              Type           Power      Damage    Failure   Level
a - Freeze                Ice            100%       1d11      1%          1
b - Frozen Ramparts       Ice            100%       1d12      1%          3
c - Ozocubu's Armour      Ice            50%        N/A       1%          3
d - Hailstorm             Conj/Ice       50%        3d11      1%          4
e - Summon Ice Beast      Ice/Summ       50%        N/A       1%          4
f - Shock                 Conj/Air       100%       1d9       1%          1
g - Passwall              Tmut/Erth      41%        N/A       1%          2
h - Ensorcelled Hibernat  Hex/Ice        100%       N/A       1%          2
Your spell library was empty.

Dungeon Overview and Level Annotations

Branches:
Dungeon (6/15)
 Temple: D:4-7

Altars:
Sif Muna


Innate Abilities, Weirdness & Mutations

You are immune to poison.
Your flesh is very heat resistant. (rF++)
You are vulnerable to cold. (rC-)
You float through the air rather than walking.
You learn spells naturally, not from books.
Your magical power is your life essence.
You have superior vitality. (+4 HP)
You are partially covered in slimy green scales. (AC +2)
Your mind is acute. (Int +2)
You are strong-willed. (Will+)
Your muscles are strong. (Str +2)


Message History

Found an escape hatch in the ceiling.
You now have 258 gold pieces (gained 12).
Found a stone staircase leading up.
You now have 269 gold pieces (gained 11).
Found a stone staircase leading down.
A centaur skeleton comes into view.
A centaur skeleton is nearby!
A centaur skeleton is nearby!
A centaur comes into view.
The centaur shouts!
The centaur wields a +0 shortbow.
The centaur shoots an arrow.
The arrow hits you!
The centaur shoots an arrow.
The arrow hits you!
The centaur skeleton hits you but does no damage.
The centaur skeleton kicks you but does no damage.
You sock the centaur skeleton!
The centaur skeleton is moderately damaged.
The centaur skeleton closely misses you.
The centaur skeleton misses you.
The centaur shoots an arrow.
The arrow barely misses you. The centaur skeleton hits you.
The centaur skeleton kicks you but does no damage.
You hear a shout!
You hit the centaur skeleton.
The centaur skeleton is heavily damaged.
The centaur shoots an arrow.
The arrow closely misses you. The centaur skeleton misses you.
The centaur skeleton kicks you but does no damage.
The centaur shoots an arrow.
The arrow hits you. The centaur skeleton hits you.
The centaur skeleton kicks you.
You sock the centaur skeleton!
You destroy the centaur skeleton!
The centaur shoots an arrow.
The arrow barely misses you.
A howler monkey zombie comes into view.
An ogre comes into view. It is wielding a +0 giant spiked club.
The centaur shoots an arrow.
The arrow misses you.
The centaur shoots an arrow.
The arrow hits you!
You are too injured to fight recklessly!
The centaur shoots an arrow.
The arrow hits you!
* * * LOW HITPOINT WARNING * * *
The centaur shoots an arrow.
The arrow hits you!
You die...

#8...8 ###........ ##>##
#.........#
.##################....##
..Z.............#...#.###
..................#......
................###...###
#...#####.....<.## #
#.........#####.# #
#..@####### #.# #...# #.#
#..c# #.# #.O.# #.# #....
... ##.## #.# ... #.


You could see an ogre, a centaur and a howler monkey zombie (wandering).

Vanquished Creatures
  Edmund (D:4)
  Duvessa (D:5)
  A black bear (D:4)
  An ogre (D:5)
  3 scorpions
  A hound (D:4)
  A jelly (D:5)
  An orc priest (D:4)
  A bullfrog skeleton (D:3)
  A centaur skeleton (D:6)
  Jessica (D:3)
  An orc wizard (D:4)
  A killer bee zombie (D:5)
  A hound skeleton (D:4)
  A gnoll (D:5)
  4 adders
  A shadow imp (D:5)
  5 dart slugs
  3 orcs
  6 bats
  6 endoplasms
  5 giant cockroaches
  6 goblins
  6 hobgoblins
  A jackal (D:3)
  2 quokkas
  5 ball pythons
  2 frilled lizards (D:2)
  4 kobolds
  3 rats
76 creatures vanquished.

Vanquished Creatures (collateral kills)
  Menkaure (D:5)
  Dowan (D:5)
  A howler monkey (D:6)
  A jelly (D:5)
  2 gnolls (D:5)
6 creatures vanquished.

Vanquished Creatures (others)
  7 plants (D:5)
7 creatures vanquished.

Grand Total: 89 creatures vanquished

Notes
Turn   | Place    | Note
-------+----------+-------------------------------------------
     0 | D:1      | robertstho the Djinni Ice Elementalist began the quest for
                  | the Orb.
     0 | D:1      | Reached XP level 1. HP: 15/15 MP: 0/0
   355 | D:1      | Reached XP level 2. HP: 13/22 MP: 0/0
   555 | D:1      | Reached skill level 4 in Spellcasting
  1989 | D:2      | Reached XP level 3. HP: 19/26 MP: 0/0
  1989 | D:2      | Learned a level 1 spell: Shock
  3048 | D:3      | Gained mutation: Your muscles are strong. (Str +2) [potion
                  | of mutation]
  3048 | D:3      | Gained mutation: You are strong-willed. (Will+) [potion of
                  | mutation]
  3048 | D:3      | Gained mutation: Your mind is acute. (Int +2) [potion of
                  | mutation]
  3048 | D:3      | Gained mutation: You are partially covered in slimy green
                  | scales. (AC +2) [potion of mutation]
  3066 | D:3      | Reached skill level 1 in Fighting
  3066 | D:3      | Reached XP level 4. HP: 11/32 MP: 0/0
  3363 | D:3      | Reached skill level 1 in Armour
  3415 | D:3      | Noticed Jessica
  3423 | D:3      | Reached XP level 5. HP: 24/37 MP: 0/0
  3423 | D:3      | Learned a level 2 spell: Passwall
  3426 | D:3      | Killed Jessica
  3427 | D:3      | Reached skill level 1 in Short Blades
  4761 | D:4      | Reached skill level 5 in Spellcasting
  4761 | D:4      | Reached XP level 6. HP: 27/43 MP: 0/0
  4893 | D:4      | Noticed Edmund
  4901 | D:4      | Killed Edmund
  5396 | D:4      | Noticed a black bear
  5404 | D:4      | Killed a black bear
  5405 | D:4      | Reached skill level 1 in Axes
  5405 | D:4      | Reached XP level 7. HP: 42/49 MP: 0/0
  5405 | D:4      | Learned a level 2 spell: Ensorcelled Hibernation
  5642 | D:5      | Entered Level 5 of the Dungeon
  5956 | D:5      | Reached skill level 6 in Spellcasting
  5961 | D:5      | Identified the +10 flail of Integrity {freeze, +Rage Will+
                  | Int+10}
  6356 | D:5      | Noticed Menkaure
  6366 | D:5      | Killed Menkaure
  6367 | D:5      | Reached XP level 8. HP: 39/55 MP: 0/0
  6511 | D:5      | Noticed Duvessa
  6517 | D:5      | Noticed Dowan
  6519 | D:5      | Killed Duvessa
  6525 | D:5      | Killed Dowan
  6785 | D:5      | Identified the +0 scale mail of Moral Flaws {Int+6}
  7196 | D:6      | Shot with an arrow by a centaur

Illustrated notes

Levels and vault maps discovered:
D:1:      grunt_arrival_crossed_arrows, layout_basic, minmay_pentomino_z2
D:2:      layout_loops_ring
D:3:      minmay_inner_zag, layout_loops_ring, uniq_jessica
D:4:      layout_loops_ring, uniq_edmund
D:5:      layout_cave_pools, serial_bayou, serial_bayou_pond_e,
          serial_bayou_shore_a, serial_bayou_pond_c, serial_bayou_shore_b,
          serial_bayou_pond_e, uniq_menkaure, uniq_duvessa
D:6:      layout_loops_cross, nicolae_overflow_hidden_temple,
          chequers_temple_overflow_minitemple

Skill      XL: |  1  2  3  4  5  6  7 |
---------------+----------------------+-----
Spellcasting   | 4 5 6 |  6.5
Fighting       | 1 2 |  2.9
Armour         | 1 2 |  2.8
Short Blades   | 1 |  1.3
Dodging        | 3 |  3.7
Axes           | 1 2 |  2.3
Maces & Flails | |  0.4
Stealth        | |  1.5

Action                   |  1- 3 |  4- 6 |  7- 9 || total
-------------------------+-------+-------+-------++-------
Melee: Unarmed           |    10 |       |       ||    10
       Dagger            |   111 |    31 |       ||   142
       Hand axe          |       |    53 |    10 ||    63
       Flail             |       |       |    13 ||    13
 Cast: Freeze            |    35 |     2 |     3 ||    40
       Frozen Ramparts   |       |    13 |     5 ||    18
       Hailstorm         |       |     1 |     2 ||     3
       Summon Ice Beast  |       |       |    13 ||    13
       Ozocubu's Armour  |       |       |     1 ||     1
  Use: Scroll            |     4 |     3 |     2 ||     9
       Potion            |     2 |       |       ||     2
 Stab: Sleeping          |     2 |     2 |       ||     4
Armor: Robe              |    28 |    31 |    12 ||    71
Dodge: Dodged            |   101 |    72 |    25 ||   198

Table legend: (Time is in decaauts)
 A = Elapsed time spent in this place.
 B = Non-inter-level travel time spent in this place.
 C = Inter-level travel time spent in this place.
 D = Time resting spent in this place.
 E = Time spent auto-exploring this place.
 F = Levels seen in this place.
 G = Mean time per level.
                   A        B        C        D        E       F      G
               +--------+--------+--------+--------+--------+-----+--------+
         Total |   7212 |   6986 |    226 |    190 |   6097 |   6 | 1202.0 |
       Dungeon |   7212 |   6986 |    226 |    190 |   6097 |   6 | 1202.0 |
               +--------+--------+--------+--------+--------+-----+--------+

Top non-repeatable levels by time:
     D:3: 1676 daAuts
     D:1: 1631 daAuts
     D:2: 1327 daAuts
     D:4: 1208 daAuts
     D:5: 1182 daAuts
     D:6: 185 daAuts
